 Dungeon Crawl Stone Soup version 0.29.1-1-gd02db6906a (webtiles) character file.

Game seed: 8220976877689968031

32 MisterFreud the Twirler (level 3, 0/27 HPs)
             Began as a Formicid Gladiator on Sept 28, 2022.
             Killed from afar by Sigmund (11 damage)
             ... with a puff of flame
             ... on level 2 of the Dungeon.
             The game lasted 00:01:32 (1156 turns).

MisterFreud the Twirler (Formicid Gladiator)        Turns: 1156, Time: 00:01:33

Health: 0/27       AC:  4    Str: 20    XL:     3   Next: 42%
Magic:  3/3        EV: 12    Int:  7    God:
Gold:   24         SH:  0    Dex: 15    Spells: 2/2 levels left

rFire   . . .      SeeInvis +   a - +0 quarterstaff
rCold   . . .      Faith    .   l - orb {light}
rNeg    . . .      Spirit   .   b - +1 leather armour
rPois   .          Reflect  .   (helmet unavailable)
rElec   .          Harm     .   (no cloak)
rCorr   .          Rampage  .   (no gloves)
Will    .....                   (no boots)
Stlth   +.........              (no amulet)
HPRegen 0.09/turn               (no ring)
MPRegen 0.08/turn               (no ring)

@: lethally poisoned (0 -> -8), glowing
A: permanent stasis, dig shafts and tunnels, antennae 3, four strong arms
a: Dig, Shaft Self


You were on level 2 of the Dungeon.
You visited 1 branch of the dungeon, and saw 2 of its levels.

You collected 24 gold pieces.

Inventory:

Hand Weapons
 a - a +0 quarterstaff (weapon)
Missiles
 c - 3 throwing nets (quivered)
 d - a javelin
Armour
 b - a +1 leather armour (worn)
 l - an orb of light (worn)
Jewellery
 h - a ring of wizardry
Scrolls
 e - a scroll of teleportation
 f - a scroll of enchant armour
 g - a scroll of identify
 i - a scroll of blinking {unknown}


   Skills:
 - Level 2.1 Fighting
 + Level 4.3 Staves
 - Level 2.0 Throwing
 - Level 2.6 Dodging


You had 2 spell levels left.
You didn't know any spells.
Your spell library was empty.

Dungeon Overview and Level Annotations

Branches:
Dungeon (2/15)

Altars:

Shops:
D:1 *

Annotations:
D:2 Sigmund


Innate Abilities, Weirdness & Mutations

You cannot be hasted, slowed, berserked, paralysed or teleported.
You can dig through walls and to a lower floor.
You have a pair of large antennae on your head. (SInv)
Your four strong arms can wield two-handed weapons with a shield.


Message History

You are poisoned.
Sigmund completely misses you.
You hit Sigmund.
Sigmund is severely wounded.
You feel very sick.
The kobold hits you with a +1 short sword of venom.
* * * LOW HITPOINT WARNING * * *
You are more poisoned.
Sigmund barely misses you. The kobold hits you with a +0 whip.
* * * LOW HITPOINT WARNING * * *
The kobold hits you but does no damage.
You are more poisoned.
You feel better.
The kobold hits you with a +1 short sword of venom.
You are poisoned.
The kobold closely misses you. Sigmund gestures at you while chanting.
You resist with some effort.
Okay, then.
Unknown command.
Unknown command.
Unknown command.
Unknown command.
Unknown command.
Unknown command.
You aren't carrying any potions.
Unknown command.
Unknown command.
Unknown command.
Unknown command.
You aren't carrying any items that you can evoke.
You aren't carrying any items that you can evoke.
Okay, then.
Unknown command.
Unknown command.
You feel very sick.
The kobold throws a stone.
The stone misses you. Sigmund casts a spell at you. The puff of flame hits you!
You die...

. #.# .##.# ...# #..#
###### #+ #..# #....#
#. #..# #....# #.
######.@#########....#
#.
......KK@.......#....#
#.
?...)#..#######.#....#
#. ...
#..#######.#....###' .
#..#................
##.....###.#....##..
#.#.#...#.#....##..
#.#.#...#.#....###'
#.#.#.#.#.########'
#.#.#.#.#.# #...


You could see Sigmund (invisible) and 2 kobolds.

Vanquished Creatures
  A dart slug (D:1)
  2 endoplasms
  3 giant cockroaches (D:1)
  4 goblins
  2 hobgoblins (D:1)
  4 kobolds (D:1)
  2 ball pythons (D:1)
  3 bats (D:1)
  7 rats (D:1)
28 creatures vanquished.

Notes
Turn   | Place    | Note
-------+----------+-------------------------------------------
     0 | D:1      | MisterFreud the Formicid Gladiator began the quest for the
                  | Orb.
     0 | D:1      | Reached XP level 1. HP: 16/16 MP: 1/1
    76 | D:1      | Reached XP level 2. HP: 22/22 MP: 2/2
    76 | D:1      | Found a faded altar of an unknown god.
   235 | D:1      | Found Adoleycs's Assorted Antiques.
   491 | D:1      | Reached skill level 4 in Staves
   491 | D:1      | Reached XP level 3. HP: 22/27 MP: 3/3
  1143 | D:2      | Noticed Sigmund
  1156 | D:2      | Killed from afar by Sigmund

Illustrated notes

Levels and vault maps discovered:
D:1:      dpeg_arrival_ratfight, layout_loops_corners, serial_shops,
          nicolae_shop_trees, chequers_ecumenical_altar_simple
D:2:      minmay_thinvault, layout_basic, minmay_misc_feat_encased,
          uniq_terence, uniq_sigmund, uniq_crazy_yiuf_cottage

Skill      XL: |  1  2 |
---------------+-------+-----
Staves         | 4 |  4.3
Fighting       | |  2.1
Throwing       | |  2.0
Dodging        | |  2.6

Action                   || total
-------------------------++-------
Melee: Quarterstaff      ||    59
       Punch             ||     1
  Use: Scroll            ||     6
       Potion            ||     1
 Stab: Sleeping          ||     1
Armor: Leather armour    ||    15
Dodge: Dodged            ||    32
